 Dungeon Crawl Stone Soup version 0.26-a0-491-g70697cc071 (webtiles) character file.

Game seed: 10562335344721453463

16 ANON1729 the Sneak (level 2, 0/25 HPs)
             Began as a Palentonga Delver on Aug 4, 2020.
             Slain by an orc (1 damage)
             ... on level 4 of the Dungeon.
             The game lasted 00:01:01 (352 turns).

ANON1729 the Sneak (Palentonga Delver)               Turns: 352, Time: 00:01:01

Health: 0/25       AC:  4    Str: 15    XL:     2   Next: 41%
Magic:  2/2        EV:  9    Int: 10    God:
Gold:   14         SH:  0    Dex: 11    Spells: 0/1 levels left

rFire    . . .     SeeInvis +   a - +0 falchion
rCold    . . .     Faith    .   (no shield)
rNeg     . . .     Spirit   .   b - +0 leather armour
rPois    .         Reflect  .   (no helmet)
rElec    .         Harm     .   (no cloak)
rCorr    .                      (no gloves)
MR       .....                  (boots restricted)
Stlth    ++........             (no amulet)
HPRegen  0.08/turn              (no ring)
MPRegen  0.08/turn              (no ring)

@: no status effects
A: large, rugged brown scales 3, see invisible, deformed body, roll, armoured
tail
a: Rolling Charge


You were on level 4 of the Dungeon.
You visited 1 branch of the dungeon, and saw 2 of its levels.

You collected 14 gold pieces.

Inventory:

Hand Weapons
 a - a +0 falchion (weapon)
Missiles
 j - 8 boomerangs (quivered)
Armour
 b - a +0 leather armour (worn)
Wands
 g - a wand of digging (3)
Scrolls
 c - a scroll of fog
 d - a scroll of magic mapping
 e - a scroll of fear
 h - a scroll of remove curse {unknown}
Potions
 f - a potion of haste
 i - a potion of lignification {unknown}


   Skills:
 + Level 3.2 Fighting
 + Level 2.3 Long Blades
 + Level 1.8 Dodging
 + Level 3.5 Stealth


You couldn't memorise any spells.
You knew the following spells:

 Your Spells              Type           Power        Failure   Level
a - Animate Skeleton      Necr           #.....       43%         1

Your spell library contained the following spells:

 Spells                   Type           Power        Failure   Level
 Pain                     Necr           #...         43%         1
 Vampiric Draining        Necr           #.........   80%         3
 Animate Dead             Necr           #.........   99%         4
 Agony                    Necr           #.......     100%        5


Dungeon Overview and Level Annotations

Branches:
Dungeon (5/15)
 Temple: D:4-7

Altars:

Portals:
Sewer: D:4


Innate Abilities, Weirdness & Mutations

You are completely covered in rugged brown scales. (AC +3, +7% HP)
You have supernaturally acute eyesight. (SInv)
Armour fits poorly on your strangely shaped body.
You can roll at foes to attack.
You have a long armoured tail.


Message History

The orc closely misses you.
You hit the orc priest.
The orc priest is moderately wounded.
The orc priest splashes around in the water.
Your ball python skeleton bites the orc priest but does no damage.
Your ball python skeleton constricts the orc priest.
The orc hits you but does no damage.
The orc priest looks satisfied for a moment.
Your ball python skeleton bites the orc priest but does no damage.
Your ball python skeleton constricts the orc priest.
You hit the orc priest.
The orc priest is heavily wounded.
The orc hits you. The orc priest hits you with a +0 club!
* * * LOW HITPOINT WARNING * * *
Your ball python skeleton bites the orc priest but does no damage.
Your ball python skeleton constricts the orc priest.
The orc warrior hits you with a +0 mace.
* * * LOW HITPOINT WARNING * * *
The orc hits you.
You die...

##.#####.......
...............
#.#...........
#...#...#.....
#...≈≈≈≈≈.....
#.#≈≈≈≈≈≈≈#.....
##..≈≈≈≈≈≈≈≈.....
#...≈≈o@≈≈≈......
....≈Zoo≈≈≈≈.....
.<.#≈≈≈≈≈≈≈#...#
.....≈≈≈≈≈....## .#
#....#..≈#..#..##.#
.........†.........
..........####.##.#
..##..###.# ..#.#
...... #.# ##.#.##


You could see an orc warrior, an orc priest, an orc and a friendly ball python
skeleton.

Vanquished Creatures
  A gnoll (D:5)
  A leopard gecko (D:4)
  A ball python (D:4)
  A giant cockroach (D:4)
  A quokka (D:4)
  A rat (D:4)
6 creatures vanquished.

Notes
Turn   | Place    | Note
-------+----------+-------------------------------------------
     0 | D:5      | ANON1729 the Palentonga Delver began the quest for the Orb.
     0 | D:5      | Reached XP level 1. HP: 19/19 MP: 1/1
    28 | D:5      | Reached XP level 2. HP: 8/25 MP: 2/2
   231 | D:5      | Learned a level 1 spell: Animate Skeleton
   240 | D:5      | Noticed an ice beast
   333 | D:4      | Found a glowing drain.
   345 | D:4      | Noticed an orc warrior
   352 | D:4      | HP: 1/25 [orc warrior/+0 mace (5)]
   352 | D:4      | Slain by an orc

Illustrated notes

Levels and vault maps discovered:
D:4:      layout_basic, grunt_temple_overflow_gold_and_silver,
          cheibrodos_sewer_entry_drain
D:5:      layout_gridville, glass_columns_b, uniq_blork_the_orc

Action                   || total
-------------------------++-------
Melee: Falchion          ||    24
       Tailslap          ||     1
 Cast: Animate Skeleton  ||     3
Armor: Leather armour    ||     5
Dodge: Dodged            ||    14
       Rpst.: Falchion   ||     3

Table legend: (Time is in decaauts)
 A = Elapsed time spent in this place.
 B = Non-inter-level travel time spent in this place.
 C = Inter-level travel time spent in this place.
 D = Time resting spent in this place.
 E = Time spent auto-exploring this place.
 F = Levels seen in this place.
 G = Mean time per level.
                   A        B        C        D        E       F      G
               +--------+--------+--------+--------+--------+-----+--------+
         Total |    358 |    358 |      0 |    205 |     48 |   2 |  179.0 |
       Dungeon |    358 |    358 |      0 |    205 |     48 |   2 |  179.0 |
               +--------+--------+--------+--------+--------+-----+--------+

Top non-repeatable levels by time:
     D:5: 250 daAuts
     D:4: 107 daAuts
